 Dungeon Crawl Stone Soup version 0.24-a0-789-g35933f4585 (webtiles) character file.

Game seed: 10897006147477391829, levelgen mode: deterministic

21 MisterFreud the Insei (level 2, -8/18 HPs)
             Began as an Octopode Transmuter on Oct 10, 2019.
             Killed by nerve-wracking pain
             ... invoked by Jessica
              (9 damage)
             ... on level 2 of the Dungeon.
             The game lasted 00:01:45 (1328 turns).

MisterFreud the Insei (Octopode Transmuter)         Turns: 1328, Time: 00:01:45

Health: -8/18      AC:  1    Str:  9    XL:     2   Next: 83%
Magic:  5/5        EV: 12    Int: 15    God:
Gold:   108        SH:  0    Dex: 12    Spells: 4/5 levels left

rFire    . . .     SeeInvis .     - Unarmed
rCold    . . .     Gourm    .   (no shield)
rNeg     . . .     Faith    .   (helmet restricted)
rPois    .         Spirit   .   (no amulet)
rElec    .         Reflect  .   (no ring)
rCorr    .         Harm     .   (no ring)
MR       .....                  (no ring)
Stlth    ++........             (no ring)
HPRegen  0.06/turn              (no ring)
MPRegen  0.09/turn              (no ring)
                                (no ring)
                                (no ring)

@: heavily drained
A: almost no armour, stealthy swim, amphibious, 8 rings, constrict 8, camouflage
1, gelatinous body 1
a: no special abilities


You were on level 2 of the Dungeon.
You were not hungry.

You visited 1 branch of the dungeon, and saw 2 of its levels.

You collected 108 gold pieces.

Inventory:

Missiles
 a - 46 arrows
 b - 24 sling bullets
 h - 93 stones (quivered)
 n - 15 poisoned darts
Scrolls
 d - a scroll of teleportation {unknown}
 j - 2 scrolls of remove curse {unknown}
 l - a scroll of fog {unknown}
Potions
 e - 2 potions of curing {unknown}
 f - a potion of lignification {unknown}
 g - a potion of haste {unknown}
 i - a potion of berserk rage {unknown}
Comestibles
 c - 7 rations


   Skills:
 - Level 1.0(0.0) Fighting
 - Level 2.0(0.4) Dodging
 - Level 3.0(1.3) Unarmed Combat
 + Level 2.3(0.7) Spellcasting
 * Level 2.9(1.3) Transmutations


You had 4 spell levels left.
You knew the following spells:

 Your Spells              Type           Power        Failure   Level  Hunger
a - Beastly Appendage     Tmut           #.....       14%         1    ##.....

Your spell library contained the following spells:

 Spells                   Type           Power        Failure   Level  Hunger
 Sticks to Snakes         Tmut           #.......     22%         2    ###....
 Spider Form              Tmut/Pois      #.........   50%         3    ####...
 Ice Form                 Ice/Tmut       #.......     88%         4    #####..
 Blade Hands              Tmut           #.........   99%         5    ######.


Dungeon Overview and Level Annotations

Branches:
Dungeon (2/15)

Altars:
Gozag

Annotations:
D:2 Jessica


Innate Abilities, Weirdness & Mutations

You cannot wear most types of armour.
You are very stealthy in the water. (Stealth+)
You are amphibious.
You can wear up to eight rings at the same time.
You can use your tentacles to constrict eight enemies at once.
Your skin changes colour to match your surroundings (Stealth+).
Your rubbery body absorbs attacks. (AC +1, EV +1)


Message History

The bat hits you.
You see here a jackal corpse.
You tentacle-slap the bat. Your grab misses the bat. You squeeze the bat.
You kill the bat!
You see here a bat corpse.
You butcher the bat corpse.
Things that are here:
a chunk of flesh; a bat skeleton Jessica the Apprentice Sorceress comes into view.
She is wielding a +0 dagger.
Jessica shouts!
Jessica mumbles some strange words.
Jessica seems to speed up.
Jessica casts a spell at you. Pain shoots through your body!
Ouch! That really hurt!
* * * LOW HITPOINT WARNING * * *
Jessica casts a spell at you. Pain shoots through your body!
Ouch! That really hurt!
You die...

#.........b..##........#
#............##........#
#............# #.......#
+..>..^......# #@#####.#
#............# #.#
#......†.....# #.#
#.....†......# #.#
#.....%......# #.#
#............# #@#
#............###.#
#.............<#.#
#############.##.#
#.##.# #....# ######


You could see Jessica.

Vanquished Creatures
  An ooze (D:2)
  A giant cockroach (D:1)
  3 hobgoblins
  3 jackals (D:2)
  A ball python (D:1)
  A bat (D:2)
  2 frilled lizards
  A goblin (D:1)
  2 kobolds (D:1)
  2 rats (D:2)
17 creatures vanquished.

Notes
Turn   | Place    | Note
-------+----------+-------------------------------------------
     0 | D:1      | MisterFreud the Octopode Transmuter began the quest for the
                  | Orb.
     0 | D:1      | Reached XP level 1. HP: 13/13 MP: 3/3
   907 | D:2      | Reached XP level 2. HP: 15/18 MP: 5/5
  1098 | D:2      | Found an opulent altar of Gozag.
  1321 | D:2      | Noticed Jessica
  1328 | D:2      | Killed from afar by Jessica

Levels and vault maps discovered:
D:1:      dpeg_arrival_another_circle, layout_loops_ring, minmay_quantized
D:2:      layout_basic, lemuel_tele_altar, uniq_jessica, uniq_robin

Action                   || total
-------------------------++-------
Melee: Unarmed           ||    42
       Constrict         ||    12
       Tentacles         ||     5
       Kick              ||     2
 Cast: Beastly Appendage ||     1
 Stab: Sleeping          ||     7
  Eat: Chunk             ||     1
Armor: Skin              ||     5
Dodge: Dodged            ||    28

Table legend:
 A = Non-vault XP
 B = Vault XP
 C = Vault XP percentage of total XP
 D = Non-vault monster count
 E = Vault monster count
 F = Vault count percentage of total count
                 A         B        C        D         E       F
            +---------+---------+-------+---------+---------+-------
      Total |      25 |       5 |  16.7 |      14 |       3 |  17.6
            +---------+---------+-------+---------+---------+-------
        D:1 |       4 |       5 |  55.6 |       4 |       3 |  42.9
        D:2 |      21 |       0 |   0.0 |      10 |       0 |   0.0
            +---------+---------+-------+---------+---------+-------
